 Dungeon Sprint DCSS version 0.28.0-45-g0d030f2227 (webtiles) character file.

Game seed: 11927707332420097236

3600000 Groucho the Axe Maniac (level 20, -7/236 HPs)
             Began as a Deep Dwarf Abyssal Knight on Apr 4, 2022.
             Was the Champion of Makhleb.
             Mangled by The Servant
             ... wielding a +9 glaive of flaming
              (75 damage)
             ... in the Dungeon (Sprint VIII: "Arena of Blood").
             The game lasted 00:02:38 (36 turns).

Groucho the Axe Maniac (Deep Dwarf Abyssal Knight)    Turns: 36, Time: 00:02:39

Health: -7/236     AC:  6    Str: 20    XL:     20   Next: 31%
Magic:  16/46      EV: 31    Int: 11    God:    Makhleb [******]
Gold:   0          SH:  0    Dex: 19    Spells: 63/63 levels left

rFire   . . .      SeeInvis .   i - +∞ Axe of Woe
rCold   . . .      Faith    .   (shield currently unavailable)
rNeg    + . .      Spirit   .   b - +0 leather armour
rPois   .          Reflect  .   (no helmet)
rElec   .          Harm     .   (no cloak)
rCorr   .          Rampage  .   (no gloves)
Will    +++..      NoTele   +   (no boots)
Stlth   +.........              (no amulet)
HPRegen 0.00/turn               (no ring)
MPRegen 0.30/turn               (no ring)

@: no status effects
A: damage resistance, heal wounds, negative energy resistance 1, sense
surroundings 3, no regeneration
a: Heal Wounds, Renounce Religion, Minor Destruction, Lesser Servant of Makhleb,
Major Destruction, Greater Servant of Makhleb


You were in the Dungeon.
You worshipped Makhleb.
Makhleb was exalted by your worship.
You visited 1 branch

Inventory:

Hand Weapons
 a - a +1 hand axe
 i - the +∞ Axe of Woe (weapon)
   (You found it in the Dungeon)
Armour
 b - a +0 leather armour (worn)
Scrolls
 h - a scroll of blinking
Potions
 c - a potion of curing
 d - a potion of heal wounds
 e - a potion of haste
 f - 2 potions of magic
 g - a potion of berserk rage


   Skills:
 O Level 27 Fighting
 O Level 27 Axes
 + Level 25.8(27) Maces & Flails
 + Level 23.9(27) Polearms
 O Level 27 Armour
 O Level 27 Dodging
 O Level 27 Unarmed Combat
 + Level 22.2 Spellcasting
 O Level 27 Invocations


You had 63 spell levels left.
You didn't know any spells.
Your spell library was empty.

Dungeon Overview and Level Annotations

Branches:
Dungeon (1/1)

Altars:
Makhleb

Annotations:
D The Servant


Innate Abilities, Weirdness & Mutations

You are resistant to damage.
You can heal yourself by infusing magical energy.
You resist negative energy. (rN+)
You passively map a large area around you.
You do not regenerate.


Message History

Makhleb accepts your kill.
You hit the bag of meat.
You dissect the bag of meat like a pig carcass.
You kill the bag of meat!
Makhleb accepts your kill.
You are engulfed in blazing flames.
You hear a shout! x4
A bag of meat comes into view. It is wielding a +9 war axe.
Your base Maces & Flails skill gained 2 levels and is now at level 25!
Your base Polearms skill gained 2 levels and is now at level 23!
Your Spellcasting skill gained 2 levels and is now at level 22!
You have reached level 20!
You feel stronger.
A bag of meat and a large bag of meat come into view.
The bag of meat shouts!
You hear a shout! x4
A meat berserker comes into view. It is wielding a +9 battleaxe.
A bag of meat comes into view. It is wielding a +9 war axe.
The destroyer points at you and mumbles some strange words.
The destroyer blinks!
There is a burning altar of Makhleb, spattered with blood here.
Things that are here:
a +9 vorpal great sword; a +200 ring of slaying Unknown command.
Press < or > to pray at altars.
A bag of meat comes into view. It is wielding a +9 war axe.
The sculptor of flesh appears out of thin air!
A sculptor of flesh comes into view. It is wielding a +9 great sword.
The bag of meat shouts!
You hear a shout! x8
A destroyer comes into view. It is wielding a +9 vorpal great sword.
You hear a shout!
A destroyer comes into view. It is wielding a +9 vorpal great sword.
You hear a shout!
The destroyer casts a spell at you.
The destroyer blinks!
The Servant is engulfed in blazing flames.
The Servant hits you with a +9 glaive of flaming!!!!!
Ouch! That really hurt!
* * * LOW HITPOINT WARNING * * *
The Servant burns you!!!!
You die...

, , , ....., .. ,,
, , , #.O. ,.#, ,,
, , * o #... ..# ,
, , , oO###...
,..###. , , ,, ,
....z.###....V.
,,* , ..o§._o..V..
, , *, ,,#)§o.O#
,, , , ,, ,
#_O<._#, ,, , , ,
, #)@@).# , , ,
,*Vo......_......,
, .......###§.....
,, , ,
..###...,,..###. ,
, ,, . #.o., ..# ,
, , #..O, .# , , ,
, ..... ,.. , , ,
, *,* , ....,, , ,
, ,, , , , , , ,


You could see The Servant, 3 destroyers, a sculptor of flesh, a large bag of
meat (inner flame), 2 meat berserkers and 5 bags of meat.

Vanquished Creatures
  2 vampire knights (D)
  11 ogres (D)
  A two-headed ogre (D)
  23 orcs (D)
37 creatures vanquished.

Notes
Turn   | Place    | Note
-------+----------+-------------------------------------------
     0 | D        | Found the +∞ Axe of Woe
     0 | D        | Groucho the Deep Dwarf Abyssal Knight began the quest for
                  | the Orb.
     0 | D        | Reached XP level 1. HP: 20/20 MP: 2/2
     2 | D        | Noticed a bag of meat
     4 | D        | Fell from the grace of Lugonu
     4 | D        | Became a worshipper of Makhleb the Destroyer
     6 | D        | Noticed a bag of meat
     6 | D        | Noticed a bag of meat
     6 | D        | Noticed a bag of meat
     7 | D        | Noticed a bag of meat
     9 | D        | Noticed a bag of meat
     9 | D        | Noticed a bag of meat
    10 | D        | Noticed a meat berserker
    10 | D        | Noticed a bag of meat
    11 | D        | Noticed a meat berserker
    12 | D        | Noticed a bag of meat
    12 | D        | Killed a bag of meat
    12 | D        | Killed a bag of meat
    12 | D        | Reached * piety under Makhleb
    12 | D        | Noticed a meat berserker
    12 | D        | Noticed a bag of meat
    12 | D        | Noticed a bag of meat
    12 | D        | Noticed a bag of meat
    13 | D        | Reached XP level 2. HP: 8/27 MP: 3/3
    13 | D        | Reached XP level 3. HP: 9/33 MP: 4/4
    13 | D        | Reached XP level 4. HP: 12/40 MP: 5/5
    13 | D        | Reached XP level 5. HP: 13/46 MP: 6/6
    13 | D        | Reached XP level 6. HP: 16/55 MP: 7/7
    13 | D        | Reached XP level 7. HP: 18/61 MP: 8/8
    13 | D        | Reached XP level 8. HP: 20/68 MP: 9/9
    13 | D        | Gained mutation: You passively map the area around you.
                  | [Deep Dwarf growth]
    13 | D        | Reached XP level 9. HP: 22/74 MP: 10/10
    13 | D        | Reached XP level 10. HP: 24/81 MP: 11/11
    13 | D        | Reached XP level 11. HP: 26/88 MP: 12/12
    13 | D        | Killed a bag of meat
    13 | D        | Killed a bag of meat
    13 | D        | Killed a bag of meat
    13 | D        | Reached ** piety under Makhleb
    13 | D        | Killed a bag of meat
    13 | D        | Noticed a bag of meat
    14 | D        | Reached skill level 27 in Axes
    14 | D        | Reached skill level 27 in Dodging
    14 | D        | Reached skill level 5 in Unarmed Combat
    14 | D        | Reached XP level 12. HP: 61/105 MP: 12/18
    14 | D        | Reached XP level 13. HP: 64/111 MP: 12/19
    14 | D        | Noticed a bag of meat
    14 | D        | Noticed a bag of meat
    14 | D        | Noticed a meat berserker
    15 | D        | Killed a meat berserker
    15 | D        | Killed a bag of meat
    15 | D        | Reached *** piety under Makhleb
    15 | D        | Noticed a bag of meat
    16 | D        | Reached skill level 10 in Fighting
    16 | D        | Reached skill level 10 in Unarmed Combat
    16 | D        | Gained mutation: You resist negative energy. (rN+) [Deep
                  | Dwarf growth]
    16 | D        | Reached XP level 14. HP: 129/133 MP: 12/25
    16 | D        | Killed a bag of meat
    16 | D        | Noticed a bag of meat
    16 | D        | Noticed a meat berserker
    16 | D        | Noticed a bag of meat
    17 | D        | Noticed a meat berserker
    17 | D        | Noticed a meat berserker
    18 | D        | Killed a meat berserker
    18 | D        | Killed a bag of meat
    18 | D        | Reached **** piety under Makhleb
    18 | D        | Killed a meat berserker
    18 | D        | Noticed a bag of meat
    19 | D        | Reached skill level 15 in Unarmed Combat
    19 | D        | Reached XP level 15. HP: 157/157 MP: 12/29
    19 | D        | Noticed a meat berserker
    20 | D        | Reached ***** piety under Makhleb
    21 | D        | Reached XP level 16. HP: 171/171 MP: 13/32
    21 | D        | Killed a meat berserker
    21 | D        | Noticed a large bag of meat
    22 | D        | Noticed a destroyer
    22 | D        | Noticed a meat berserker
    22 | D        | Noticed a large bag of meat
    23 | D        | Reached skill level 27 in Invocations
    23 | D        | Reached XP level 17. HP: 188/188 MP: 13/34
    25 | D        | Noticed a meat berserker
    25 | D        | Killed a meat berserker
    25 | D        | Killed a meat berserker
    26 | D        | Reached skill level 27 in Armour
    26 | D        | Killed a meat berserker
    26 | D        | Reached ****** piety under Makhleb
    27 | D        | Gained mutation: You passively map a large area around you.
                  | [Deep Dwarf growth]
    27 | D        | Reached XP level 18. HP: 214/214 MP: 14/35
    27 | D        | Killed a meat berserker
    28 | D        | Reached skill level 27 in Fighting
    28 | D        | Reached skill level 27 in Unarmed Combat
    28 | D        | Killed a meat berserker
    28 | D        | Noticed a large bag of meat
    29 | D        | Reached skill level 10 in Maces & Flails
    30 | D        | Noticed a meat berserker
    31 | D        | Reached skill level 15 in Maces & Flails
    31 | D        | Reached XP level 19. HP: 226/226 MP: 14/36
    31 | D        | Killed a destroyer
    31 | D        | Killed a large bag of meat
    31 | D        | Noticed a destroyer
    31 | D        | Noticed a meat berserker
    32 | D        | Killed a meat berserker
    32 | D        | Noticed a destroyer
    33 | D        | Killed a destroyer
    33 | D        | Noticed a meat berserker
    33 | D        | Noticed The Servant
    34 | D        | Killed a meat berserker
    35 | D        | Reached XP level 20. HP: 231/236 MP: 15/46
    35 | D        | Noticed a large bag of meat
    35 | D        | Noticed a meat berserker
    36 | D        | Noticed a destroyer
    36 | D        | Noticed a destroyer
    36 | D        | Mangled by The Servant

Illustrated notes

Levels and vault maps discovered:
D:        meatsprint

Skill      XL: |  1  2  3  4  5  6  7  8  9 10 11 12 13 14 15 16 17 18 19 |
---------------+----------------------------------------------------------+-----
Axes           | 22 27 | 27.0
Dodging        | 22 27 | 27.0
Fighting       | 6 10 16 17 20 26 27 | 27.0
Armour         | 6 12 18 20 24 27 | 27.0
Unarmed Combat | 5 10 15 17 20 26 27 | 27.0
Invocations    | 8 14 21 24 27 | 27.0
Maces & Flails | 15 25 | 25.8
Polearms       | 14 23 | 23.9
Spellcasting   | 13 22 | 22.2

Action                   |  1- 3 |  4- 6 |  7- 9 | 10-12 | 13-15 | 16-18 | 19-21 || total
-------------------------+-------+-------+-------+-------+-------+-------+-------++-------
Melee: Executioner's axe |     1 |       |       |     1 |     4 |     8 |     4 ||    18
Dodge: Dodged            |       |       |       |       |     1 |       |       ||     1
